 Dungeon Crawl Stone Soup version 0.23-a0-126-g19e28b4 (webtiles) character file.

51 Amnesiac the Cutter (level 3, -2/29 HPs)
             Began as a Mummy Monk on Aug 26, 2018.
             Slain by a howler monkey (3 damage)
             ... on level 4 of the Dungeon.
             The game lasted 00:03:14 (1830 turns).

Amnesiac the Cutter (Mummy Monk)                    Turns: 1830, Time: 00:03:15

Health: -2/29      AC:  3    Str: 14    XL:     3   Next: 57%
Magic:  3/3        EV: 12    Int: 10    God:
Gold:   134        SH:  0    Dex: 14    Spells: 2/2 levels left

rFire    x . .     SeeInvis .   a - +0 short sword
rCold    + . .     Gourm    .   (no shield)
rNeg     + + +     Faith    .   f - +0 leather armour
rPois    ∞         Spirit   .   (no helmet)
rElec    .         Reflect  .   (no cloak)
rCorr    .         Harm     .   (no gloves)
MR       .....                  (no boots)
Stlth    ++........             (no amulet)
HPRegen  0.09/turn              (no ring)
MPRegen  0.08/turn              (no ring)

@: no status effects
A: no food or potions, fire vulnerability, cold resistance 1, negative energy
resistance 3, torment resistance, unbreathing
a: no special abilities


You were on level 4 of the Dungeon.
You were not hungry.

You visited 2 branches of the dungeon, and saw 5 of its levels.

You collected 134 gold pieces.

Inventory:

Hand Weapons
 a - a +0 short sword (weapon)
 e - a +0 dagger
Missiles
 g - 20 poisoned needles
Armour
 f - a +0 leather armour (worn)
Scrolls
 b - a scroll of teleportation {!r}
 d - 2 scrolls of enchant armour {!r}


   Skills:
 - Level 3.0 Fighting
 + Level 3.8 Short Blades
 - Level 2.4 Dodging
 - Level 1.5 Stealth


You had 2 spell levels left.
You didn't know any spells.
Your spell library was empty.

Dungeon Overview and Level Annotations

Branches:
Dungeon (4/15)             Temple (1/1) D:4

Altars:
Ashenzari
Cheibriados
Dithmenos
Elyvilon
Fedhas
Gozag
Hepliaklqana
Makhleb
Okawaru
Qazlal
Ru
Sif Muna
Vehumet
Wu Jian
Xom
Zin

Annotations:
D:4 exclusions: hound and orc priest, Dowan, Edmund


Innate Abilities, Weirdness & Mutations

You do not eat or drink.
Your flesh is vulnerable to fire.
You are immune to poison.
Your flesh is cold resistant. (rC+)
You are immune to negative energy. (rN+++)
You are immune to unholy pain and torment.
You can survive without breathing.


Message History

The hound bites you but does no damage. The hound bites you.
You barely miss the hound.
The hound is almost dead.
The hound bites you.
You miss the hound.
The hound is almost dead.
The hound bites you.
You hit the hound but do no damage.
The hound is almost dead.
The hound barely misses you.
The howler monkey hoots and howls with incredible vigour!
The hound bites you.
You hear a bark! x2
You hit the hound but do no damage.
The hound is almost dead.
The hound bites you.
You miss the hound.
The hound is almost dead.
The hound closely misses you. x2
You hit the hound.
You kill the hound!
You have reached level 3!
Your experience leads to an increase in your attributes!
Increase (S)trength, (I)ntelligence, or (D)exterity?
You feel clever.
You barely miss the howler monkey. The howler monkey hits you.
* * * LOW HITPOINT WARNING * * *
The howler monkey hits you.
* * * LOW HITPOINT WARNING * * *
You hit the howler monkey.
The howler monkey is lightly wounded.
The howler monkey hits you.
* * * LOW HITPOINT WARNING * * *
You hit the howler monkey.
The howler monkey is moderately wounded.
The howler monkey hits you.
* * * LOW HITPOINT WARNING * * *
Okay, then.
You barely miss the howler monkey.
The howler monkey is moderately wounded.
The howler monkey hits you.
* * * LOW HITPOINT WARNING * * *
You barely miss the howler monkey.
The howler monkey is moderately wounded.
The howler monkey hoots and howls with incredible vigour!
You hear a bark!
You closely miss the howler monkey.
The howler monkey is moderately wounded.
The howler monkey hits you.
* * * LOW HITPOINT WARNING * * *
You closely miss the howler monkey.
The howler monkey is moderately wounded.
The howler monkey barely misses you.
You barely miss the howler monkey.
The howler monkey is moderately wounded.
The howler monkey barely misses you.
You barely miss the howler monkey.
The howler monkey is moderately wounded.
The howler monkey hits you.
* * * LOW HITPOINT WARNING * * *
You closely miss the howler monkey.
The howler monkey is moderately wounded.
The howler monkey hits you.
You die...

#. #h #h #. ############## #.
#.......)....# #.
###.##########.#
######.########............#.#
............h@....########.#.#
##########.####.####.........#
#.# #.# #.#####.... #.####.#
#.... #......# #.# #....
################.# ###..
#........h....##.### #.. #.
#.# #..$...# #.. #. #.#
#......# ###..


You could see a howler monkey.

Vanquished Creatures
  A hound (D:4)
  A dart slug (D:1)
  An orc (D:4)
  2 giant cockroaches
  2 goblins
  2 hobgoblins
  2 bats (D:1)
  5 frilled lizards
  2 kobolds (D:1)
  A rat (D:2)
19 creatures vanquished.

Notes
Turn   | Place    | Note
-------+----------+-------------------------------------------
     0 | D:1      | Amnesiac the Mummy Monk began the quest for the Orb.
     0 | D:1      | Reached XP level 1. HP: 18/18 MP: 1/1
   175 | D:2      | Found a sacrificial altar of Ru.
   278 | D:2      | Noticed an ice beast
   399 | D:1      | Reached XP level 2. HP: 24/24 MP: 2/2
  1369 | D:4      | Found a staircase to the Ecumenical Temple.
  1388 | Temple   | Entered the Ecumenical Temple
  1610 | D:4      | Found an opulent altar of Gozag.
  1621 | D:4      | Noticed Dowan
  1700 | D:4      | Noticed Edmund
  1796 | D:4      | Noticed a howler monkey
  1820 | D:4      | Reached XP level 3. HP: 16/29 MP: 3/3
  1829 | D:4      | HP: 1/29 [howler monkey (2)]
  1830 | D:4      | Slain by a howler monkey

Vault maps used:
D:1:      tarquinn_simple_flora_water_f
D:2:      lemuel_doored_altar, minmay_overflow_temple_star_hex, uniq_sigmund
D:4:      temple_pool_b, grunt_gozag_statues, uniq_duvessa, uniq_edmund
Temple:   eino_narrow_crystal_temple

Skill      XL: |  1 |
---------------+----+-----
Short Blades   | 3 |  3.8
Fighting       | |  3.0
Dodging        | |  2.4
Stealth        | |  1.5

Action                   || total
-------------------------++-------
Melee: Short sword       ||    60
       Dagger            ||    47
  Use: Scroll            ||     5
 Stab: Sleeping          ||     1
Armor: Leather armour    ||     9
       Robe              ||     1
Dodge: Dodged            ||    63

Table legend:
 A = Non-vault XP
 B = Vault XP
 C = Vault XP percentage of total XP
 D = Non-vault monster count
 E = Vault monster count
 F = Vault count percentage of total count
                 A         B        C        D         E       F
            +---------+---------+-------+---------+---------+-------
      Total |      73 |       0 |   0.0 |      19 |       0 |   0.0
            +---------+---------+-------+---------+---------+-------
        D:1 |      18 |       0 |   0.0 |      10 |       0 |   0.0
        D:2 |      10 |       0 |   0.0 |       7 |       0 |   0.0
        D:4 |      45 |       0 |   0.0 |       2 |       0 |   0.0
            +---------+---------+-------+---------+---------+-------
